 Dungeon Crawl Stone Soup version 0.27.1-34-g3ba077fa99 (webtiles) character file.

Game seed: 10473203521118384666

139 zeram the Shield-Bearer (level 5, -7/36 HPs)
             Began as an Octopode Fighter on Jan 19, 2022.
             Mangled by a gnoll sergeant (15 damage)
             ... on level 3 of the Dungeon.
             The game lasted 00:04:07 (2679 turns).

zeram the Shield-Bearer (Octopode Fighter)          Turns: 2679, Time: 00:04:08

Health: -7/36      AC:  1    Str: 15    XL:     5   Next: 22%
Magic:  5/5        EV: 12    Int: 11    God:
Gold:   75         SH:  9    Dex: 12    Spells: 4/4 levels left

rFire    . . .     SeeInvis .   h - +1 whip (elec)
rCold    . . .     Faith    .   b - +0 kite shield
rNeg     . . .     Spirit   .   (helmet restricted)
rPois    .         Reflect  .   i - amulet of the acrobat
rElec    .         Harm     .   j - ring of willpower
rCorr    .         Rampage  .   (no ring)
Will     +....                  (no ring)
Stlth    ++........             (no ring)
HPRegen  0.12/turn              (no ring)
MPRegen  0.09/turn              (no ring)
                                (no ring)
                                (no ring)

@: mighty, lethally poisoned (-7 -> -14)
A: almost no armour, amphibious, 8 rings, camouflage 1, gelatinous body 1,
(nimble swimmer 1), tentacles
a: no special abilities


You were on level 3 of the Dungeon.
You visited 1 branch of the dungeon, and saw 3 of its levels.

You collected 75 gold pieces.

Inventory:

Hand Weapons
 a - a +0 rapier
 h - a +1 whip of electrocution (weapon)
Missiles
 g - 26 poisoned darts (quivered)
Armour
 b - a +0 kite shield (worn)
Jewellery
 i - an amulet of the acrobat (around mantle)
 j - a ring of willpower (left tentacle)
Potions
 c - a potion of might
 d - a potion of berserk rage {unknown}
 e - 2 potions of curing {unknown}


   Skills:
 - Level 3.0 Fighting
 - Level 2.6 Short Blades
 + Level 0.8 Maces & Flails
 + Level 4.2 Dodging
 + Level 4.3 Shields


You had 4 spell levels left.
You didn't know any spells.
Your spell library was empty.

Dungeon Overview and Level Annotations

Branches:
Dungeon (3/15)

Altars:


Innate Abilities, Weirdness & Mutations

You cannot wear most types of armour.
You are amphibious.
You can wear up to eight rings at the same time.
Your skin changes colour to match your surroundings (Stealth+).
Your rubbery body absorbs attacks. (AC +1, EV +1)
((You are camouflaged near water. (Stealth+)))
You have tentacles for arms and can constrict up to eight enemies at once.


Message History

HP restored.
You climb downwards.
There is a stone staircase leading up, spattered with blood here.
The gnoll hits you from afar with a +1 spear of venom.
You are poisoned.
You climb upwards.
You feel very sick.
There is a stone staircase leading down here.
You start resting.
You feel sick. x6
You are no longer poisoned.
You start resting.
HP restored.
You climb downwards.
There is a stone staircase leading up, spattered with blood here.
You hit the gnoll sergeant but do no damage.
Your grab misses the gnoll sergeant.
The gnoll sergeant hits you with a +0 trident!
You block the gnoll's attack. The gnoll sergeant closely misses you.
You aren't carrying any scrolls.
You feel very mighty all of a sudden. The gnoll barely misses you.
The gnoll hits you with a +1 spear of venom!
You are poisoned.
You block the gnoll's attack.
The gnoll sergeant completely misses you.
There is a stone staircase leading up, spattered with blood here.
Unknown command.
You hit the gnoll. Lightning courses through the gnoll!
You kill the gnoll!
* * * LOW HITPOINT WARNING * * *
You feel very sick. The gnoll barely misses you.
The gnoll sergeant barely misses you.
Unknown command.
You hit the gnoll sergeant. Your grab misses the gnoll sergeant.
You squeeze the gnoll sergeant!
The gnoll sergeant is heavily wounded.
* * * LOW HITPOINT WARNING * * *
You feel sick. You block the gnoll's attack.
The gnoll sergeant hits you with a +0 trident!
You die...

.# #... #.#.
....### #..#.#
#....# ##.#.#
###..g.#
#.....@#
#.#..g)# #
+....#
.###....#
........#
###.........$#
#..........#
#.....=....#
#....g.....#


You could see a gnoll sergeant and a gnoll.

Vanquished Creatures
  5 gnolls
  4 adders (D:2)
  2 dart slugs
  3 bats
  4 endoplasms (D:1)
  A giant cockroach (D:1)
  5 goblins
  6 hobgoblins
  4 jackals
  6 kobolds
  3 quokkas
  3 ball pythons (D:1)
  3 frilled lizards
  2 rats
51 creatures vanquished.

Notes
Turn   | Place    | Note
-------+----------+-------------------------------------------
     0 | D:1      | zeram the Octopode Fighter began the quest for the Orb.
     0 | D:1      | Reached XP level 1. HP: 16/16 MP: 1/1
   122 | D:1      | Reached XP level 2. HP: 4/21 MP: 2/2
   592 | D:1      | Reached XP level 3. HP: 26/26 MP: 3/3
  1397 | D:2      | Reached XP level 4. HP: 29/31 MP: 4/4
  1672 | D:2      | Found a faded altar of an unknown god.
  2163 | D:3      | Noticed a gnoll sergeant
  2234 | D:2      | Reached XP level 5. HP: 16/36 MP: 5/5
  2679 | D:3      | Mangled by a gnoll sergeant

Illustrated notes

Levels and vault maps discovered:
D:1:      amcnicky_arrival_underground_garden, layout_basic, minmay_tetromino_t4
D:2:      layout_basic, basic_ecumenical_altar
D:3:      layout_basic, nicolae_sif_muna_little_library,
          corexii_item_surrounded_by_moat

Skill      XL: |  1  2  3  4 |
---------------+-------------+-----
Dodging        | 4 |  4.2
Shields        | 4 |  4.3
Fighting       | |  3.0
Short Blades   | |  2.6
Maces & Flails | |  0.8

Action                   |  1- 3 |  4- 6 || total
-------------------------+-------+-------++-------
Melee: Rapier            |    43 |       ||    43
       Constrict         |     9 |    12 ||    21
       Tentacles         |     9 |     4 ||    13
       Whip              |     8 |    38 ||    46
  Use: Scroll            |       |     1 ||     1
       Potion            |       |     1 ||     1
 Stab: Sleeping          |     7 |     2 ||     9
Armor: Skin              |     2 |     2 ||     4
Dodge: Dodged            |    16 |    26 ||    42
Block: Kite shield       |    24 |    23 ||    47
